 Dungeon Crawl Stone Soup version 0.26-a0-949-ga0cc1ef5f6 (webtiles) character file.

Game seed: 11366389020675731689

407 mhtbhm the Cudgeller (level 6, 0/91 HPs)
             Began as a Troll Berserker on Nov 28, 2020.
             Was an Elder of Trog.
             Slain by an orc
             ... wielding a +0 trident
              (10 damage)
             ... on level 3 of the Dungeon.
             The game lasted 00:04:43 (2106 turns).

mhtbhm the Cudgeller (Troll Berserker)              Turns: 2106, Time: 00:04:43

Health: 0/91       AC:  6    Str: 28    XL:     6   Next: 57%
Magic:  0/5        EV: 11    Int:  3    God:    Trog [****..]
Gold:   124        SH:  0    Dex:  9    Spells: 5/5 levels left

rFire    . . .     SeeInvis .   a - +0 mace
rCold    + . .     Faith    .   (no shield)
rNeg     . . .     Spirit   +   b - +0 animal skin
rPois    .         Reflect  .   p - +0 hat
rElec    .         Harm     .   (no cloak)
rCorr    .         Rampage  .   (gloves unavailable)
MR       .....                  (boots unavailable)
Stlth    ..........             n - amulet of guardian spirit
HPRegen  0.65/turn              q - ring of protection from cold
MPRegen  0.09/turn              (no ring)

@: berserking, very quick
A: large, unfitting armour, claws 3, regeneration 1, shaggy fur 1, tough skin 3
a: Berserk, Trog's Hand, Brothers in Arms, Renounce Religion


You were on level 3 of the Dungeon.
You worshipped Trog.
Trog was greatly pleased with you.
You visited 1 branch of the dungeon, and saw 3 of its levels.

You collected 124 gold pieces.

Inventory:

Hand Weapons
 a - a +0 mace (weapon)
Missiles
 k - 6 javelins
 s - 32 poisoned darts
Armour
 b - a +0 animal skin (worn)
 p - a +0 hat (worn)
Jewellery
 n - an amulet of guardian spirit (around neck)
 q - a ring of protection from cold (left claw)
Wands
 g - a wand of random effects (29)
Scrolls
 c - a scroll of magic mapping
 e - a scroll of enchant weapon
 f - 2 scrolls of enchant armour
 h - a scroll of blinking
 i - a scroll of fear {unknown}
 j - a scroll of fog {unknown}
 l - a scroll of remove curse {unknown}
Potions
 d - 2 potions of lignification
 m - a potion of mutation


   Skills:
 + Level 3.4 Fighting
 + Level 5.0 Maces & Flails
 + Level 4.0 Dodging
 - Level 0.2 Stealth


You had 5 spell levels left.
You didn't know any spells.
Your spell library was empty.

Dungeon Overview and Level Annotations

Branches:
Dungeon (3/15)

Altars:
Elyvilon


Innate Abilities, Weirdness & Mutations

You are too large for most types of armour.
You have claws for hands.
Your natural rate of healing is unusually fast.
You are covered in fur. (AC +1)
You have extremely tough skin. (AC +3)


Message History

The hobgoblin hits you with a +0 club.
* * * LOW HITPOINT WARNING * * *
The orc priest hits you with a +0 hand axe.
* * * LOW HITPOINT WARNING * * *
The orc hits you from afar with a +0 trident.
* * * LOW HITPOINT WARNING * * *
You barely miss the orc priest.
The orc priest is heavily wounded.
The orc throws a boomerang.
The boomerang hits you.
* * * LOW HITPOINT WARNING * * *
The weapon returns to the orc!
The hobgoblin hits you but does no damage.
The orc priest mumbles some strange prayers to Beogh against you.
You barely resist. You closely miss the orc priest.
The orc priest is heavily wounded.
The orc throws a boomerang.
The boomerang closely misses you.
The weapon returns to the orc!
The orc hits you from afar with a +0 trident!
You die...

#.. ### #.#
############.# #######.#
?............#..........
#.#.#.#.#.#..##.######.#
........................
..⌠.....⌠....##'#####<..
....._o)..........###).#
..⌠..og@⌠.........+.#...
.......(..........#.....
#.#.#o#.#.#.............
.............#.........
# ####.###..............
#. ###....###..... #.
#.........##. #.
##........##.
###.###..##.


You could see an orc priest, 2 orcs and a hobgoblin (strong).

Vanquished Creatures
  Sigmund (D:2)
  2 orc priests (D:3)
  Robin (D:2)
  4 gnolls (D:3)
  3 adders
  An ooze (D:3)
  2 worms
  A dart slug (D:3)
  3 leopard geckos
  3 orcs (D:3)
  2 ball pythons
  10 bats
  5 giant cockroaches
  16 goblins
  16 hobgoblins
  12 kobolds
  5 frilled lizards
  13 rats
100 creatures vanquished.

Vanquished Creatures (others)
  4 toadstools (D:1)
4 creatures vanquished.

Grand Total: 104 creatures vanquished

Notes
Turn   | Place    | Note
-------+----------+-------------------------------------------
     0 | D:1      | mhtbhm the Troll Berserker began the quest for the Orb.
     0 | D:1      | Reached XP level 1. HP: 22/22 MP: 0/0
   125 | D:1      | Reached XP level 2. HP: 29/29 MP: 1/1
   160 | D:1      | Reached skill level 3 in Maces & Flails
   422 | D:1      | Reached ** piety under Trog
   536 | D:1      | Reached XP level 3. HP: 36/36 MP: 2/2
   747 | D:2      | Noticed Robin
   843 | D:2      | Killed Robin
  1046 | D:2      | Reached XP level 4. HP: 30/44 MP: 0/3
  1128 | D:2      | Noticed Sigmund
  1159 | D:2      | Killed Sigmund
  1160 | D:2      | Reached skill level 4 in Maces & Flails
  1160 | D:2      | Reached XP level 5. HP: 53/53 MP: 2/4
  1275 | D:2      | Reached *** piety under Trog
  1401 | D:2      | Reached XP level 6. HP: 58/61 MP: 3/5
  2042 | D:3      | Reached **** piety under Trog
  2046 | D:3      | Reached skill level 5 in Maces & Flails
  2090 | D:3      | Found a white marble altar of Elyvilon.
  2106 | D:3      | Slain by an orc

Illustrated notes

Levels and vault maps discovered:
D:1:      ldierk_walled_garden_2, layout_basic, minmay_bisected
D:2:      minmay_recursive_quarters, layout_rooms, uniq_sigmund, uniq_robin
D:3:      layout_basic, elyvilon_altar_5

Skill      XL: |  1  2  3  4  5  6 |
---------------+-------------------+-----
Maces & Flails | 3 4 5 |  5.0
Fighting       | 3 |  3.4
Dodging        | 3 4 |  4.0
Stealth        | |  0.2

Action                   |  1- 3 |  4- 6 || total
-------------------------+-------+-------++-------
Melee: Mace              |   169 |   159 ||   328
Invok: Berserk           |     2 |     5 ||     7
  Use: Scroll            |     3 |     5 ||     8
Armor: Animal skin       |    77 |    88 ||   165
Dodge: Dodged            |   136 |   159 ||   295

Table legend: (Time is in decaauts)
 A = Elapsed time spent in this place.
 B = Non-inter-level travel time spent in this place.
 C = Inter-level travel time spent in this place.
 D = Time resting spent in this place.
 E = Time spent auto-exploring this place.
 F = Levels seen in this place.
 G = Mean time per level.
                   A        B        C        D        E       F      G
               +--------+--------+--------+--------+--------+-----+--------+
         Total |   2226 |   2204 |     22 |    279 |   1191 |   3 |  742.0 |
       Dungeon |   2226 |   2204 |     22 |    279 |   1191 |   3 |  742.0 |
               +--------+--------+--------+--------+--------+-----+--------+

Top non-repeatable levels by time:
     D:2: 923 daAuts
     D:1: 846 daAuts
     D:3: 456 daAuts
